 Dungeon Crawl Stone Soup version 0.23.1 (webtiles) character file.

Game seed: 0

208 Fang the Skirmisher (level 5, -3/34 HPs)
             Began as a Gargoyle Berserker on Mar 18, 2019.
             Was a Believer of Trog.
             Slain by a gnoll
             ... wielding a +2 halberd of distortion
              (17 damage)
             ... on level 4 of the Dungeon.
             The game lasted 00:03:08 (3726 turns).

Fang the Skirmisher (Gargoyle Berserker)            Turns: 3726, Time: 00:03:09

Health: -3/34      AC: 16    Str: 21    XL:     5   Next: 86%
Magic:  5/5        EV:  8    Int:  8    God:    Trog [**....]
Gold:   121        SH:  0    Dex:  9    Spells: 4/4 levels left

rFire    + . .     SeeInvis .   a - +0 hand axe
rCold    . . .     Gourm    .   (no shield)
rNeg     + . .     Faith    .   r - +0 chain mail
rPois    ∞         Spirit   .   (no helmet)
rElec    +         Reflect  .   o - +2 cloak {+Inv}
rCorr    .         Harm     .   (no gloves)
MR       .....                  (no boots)
Stlth    ..........             (no amulet)
HPRegen  0.11/turn              f - ring of protection from fire
MPRegen  0.09/turn              k - ring of flight

@: no status effects
A: negative energy resistance 1, electricity resistance, unbreathing,
petrification resistance, rot immunity, AC +4
a: Berserk, Trog's Hand, Renounce Religion, Evoke Invisibility, Evoke Flight


You were on level 4 of the Dungeon.
You worshipped Trog.
Trog was pleased with you.
You were not hungry.

You visited 1 branch of the dungeon, and saw 4 of its levels.

You collected 121 gold pieces.

Inventory:

Hand Weapons
 a - a +0 hand axe (weapon)
Armour
 o - a +2 cloak of invisibility (worn)
 r - a +0 chain mail (worn)
Jewellery
 f - a ring of protection from fire (left hand)
 k - a ring of flight (right hand)
Scrolls
 e - 5 scrolls of teleportation {unknown}
 h - 3 scrolls of identify {unknown}
 i - a scroll of immolation {unknown}
 j - 3 scrolls of fear {unknown}
 m - 2 scrolls of blinking {unknown}
 q - 2 scrolls of remove curse {unknown}
 s - a scroll of fog {unknown}
Potions
 d - a potion of mutation {unknown}
 g - 2 potions of degeneration {unknown}
 l - a potion of brilliance {unknown}
 n - a potion of curing {unknown}
 p - 2 potions of heal wounds {unknown}
Comestibles
 b - 3 chunks of flesh
 c - 5 rations


   Skills:
 + Level 4.4 Fighting
 + Level 3.6 Axes
 + Level 3.7 Armour
 + Level 2.7 Dodging


You had 4 spell levels left.
You didn't know any spells.
Your spell library was empty.

Dungeon Overview and Level Annotations

Branches:
Dungeon (4/15)
 Temple: D:4-7

Altars:


Innate Abilities, Weirdness & Mutations

You are resistant to torment.
Your stone body is resilient. (AC +4)
You are immune to poison.
You resist negative energy. (rN+)
You are resistant to electric shocks. (rElec)
You can survive without breathing.
You are immune to petrification.
You are immune to rotting.


Message History

You slash the gnoll!
The gnoll is heavily wounded.
The gnoll hits you but does no damage.
You barely miss the gnoll.
The gnoll is almost dead.
You hit the gnoll.
The gnoll hits you but does no damage. x2
You hit the gnoll.
You kill the gnoll!
Trog accepts your kill.
Your chain mail prevents you from hitting the gnoll.
You barely miss the gnoll. The gnoll hits you but does no damage.
The gnoll barely misses you. The gnoll hits you but does no damage.
You barely miss the gnoll.
The gnoll is severely wounded.
Your chain mail prevents you from hitting the gnoll.
The gnoll hits you but does no damage. x2
The gnoll hits you from afar with a +2 halberd of distortion.
Space warps horribly around you!
Ouch! That really hurt!
You die...

#...... #
...........###.....## #
..>....?.......#.....## ##
...............#...#..###.
.................(.##.....
#...............## ##....
##......##......# ##...
........###g....# #...
#.......@g.....## #....
...###.#g)..<...# ##...
#..##.?....## ....
#..#........# ....
............#
.#.##........# ...#
##........... #. .
#..........# .##(
...#.....#...


You could see 3 gnolls.

Vanquished Creatures
  Crazy Yiuf (D:2)
  A worker ant (D:4)
  A hound skeleton (D:4)
  A gnoll (D:4)
  6 adders
  An ooze (D:2)
  2 worms (D:2)
  A dart slug (D:3)
  2 leopard geckos
  2 orcs
  A giant cockroach (D:2)
  11 goblins
  7 hobgoblins
  3 jackals (D:3)
  6 kobolds
  3 quokkas
  8 bats
  4 frilled lizards
  A quokka skeleton (D:4)
  7 rats
69 creatures vanquished.

Notes
Turn   | Place    | Note
-------+----------+-------------------------------------------
     0 | D:1      | Fang the Gargoyle Berserker began the quest for the Orb.
     0 | D:1      | Reached XP level 1. HP: 14/14 MP: 1/1
   141 | D:1      | Reached XP level 2. HP: 13/19 MP: 2/2
   560 | D:1      | You fall through a shaft!
   788 | D:2      | Reached XP level 3. HP: 22/23 MP: 3/3
   888 | D:2      | Reached ** piety under Trog
  1228 | D:2      | HP: 1/24 [worm (7)]
  1689 | D:2      | Reached XP level 4. HP: 23/29 MP: 4/4
  2007 | D:2      | Found a runed translucent door.
  2008 | D:2      | Noticed Crazy Yiuf
  2186 | D:2      | Killed Crazy Yiuf
  2186 | D:2      | Reached skill level 4 in Fighting
  3234 | D:3      | Reached XP level 5. HP: 31/33 MP: 5/5
  3726 | D:4      | Slain by a gnoll

Skill      XL: |  1  2  3  4 |
---------------+-------------+-----
Axes           | 3 |  3.6
Dodging        | 2 |  2.7
Armour         | 3 |  3.7
Fighting       | 4 |  4.4

Action                   |  1- 3 |  4- 6 || total
-------------------------+-------+-------++-------
Melee: Hand axe          |   136 |   142 ||   278
Invok: Berserk           |       |     1 ||     1
  Eat: Chunk             |     2 |     8 ||    10
Armor: Animal skin       |    41 |    69 ||   110
       Chain mail        |       |    19 ||    19
Dodge: Dodged            |    83 |    96 ||   179
